 Dungeon Crawl Stone Soup version 0.28-a0-1374-ga75cb3825e (webtiles) character file.

Game seed: 14040951981099845933

86 ders the Digger (level 4, -4/24 HPs)
             Began as a Gargoyle Earth Elementalist on Dec 31, 2021.
             Slain by a human (8 damage)
             ... on level 3 of the Dungeon.
             The game lasted 00:04:49 (2434 turns).

ders the Digger (Gargoyle Earth Elementalist)       Turns: 2434, Time: 00:04:49

Health: -4/24      AC:  5    Str: 11    XL:     4   Next: 50%
Magic:  0/8        EV: 11    Int: 18    God:
Gold:   87         SH:  0    Dex: 10    Spells: 4/8 levels left

rFire   . . .      SeeInvis .   n - +1 war axe (flame)
rCold   + . .      Faith    .   (no shield)
rNeg    + . .      Spirit   .   b - +0 robe
rPois   ∞          Reflect  .   (no helmet)
rElec   +          Harm     .   (no cloak)
rCorr   .          Rampage  .   (no gloves)
Will    .....                   (no boots)
Stlth   ++........              (no amulet)
HPRegen 0.08/turn               o - ring of protection from cold
MPRegen 0.11/turn               (no ring)

@: no status effects
A: sickness immunity, AC +3, negative energy resistance 1, electricity
resistance, torment resistance 1, petrification resistance
a: no special abilities


You were on level 3 of the Dungeon.
You visited 1 branch of the dungeon, and saw 3 of its levels.

You collected 87 gold pieces.

Inventory:

Hand Weapons
 n - a +1 war axe of flaming (weapon)
Missiles
 c - 27 stones
Armour
 b - a +0 robe (worn)
Jewellery
 o - a ring of protection from cold (left hand)
Scrolls
 a - 4 scrolls of identify {unknown}
 d - a scroll of torment {unknown}
 f - 2 scrolls of enchant armour {unknown}
 h - a scroll of summoning {unknown}
 i - a scroll of holy word {unknown}
 l - a scroll of teleportation {unknown}
 m - a scroll of fog {unknown}
Potions
 e - a potion of attraction {unknown}
 g - a potion of mutation {unknown}
 j - 2 potions of ambrosia {unknown}
 k - a potion of flight {unknown}


   Skills:
 - Level 1.5 Dodging
 - Level 2.1 Stealth
 + Level 2.9 Spellcasting
 + Level 2.2 Conjurations
 - Level 0.7 Transmutations
 + Level 4.6 Earth Magic


You had 4 spell levels left.
You knew the following spells:

 Your Spells              Type           Power      Damage    Failure   Level
a - Sandblast             Erth           38%        2d10      2%          1
b - Stone Arrow           Conj/Erth      30%        3d8       12%         3

Your spell library contained the following spells:

 Spells                   Type           Power      Damage    Failure   Level
 Passwall                 Tmut/Erth      10%        N/A       9%          2
 Animate Skeleton         Necr           4%         N/A       17%         1
 Apportation              Tloc           4%         N/A       17%         1
 Summon Small Mammal      Summ           8%         N/A       17%         1
 Petrify                  Tmut/Erth      12%        N/A       47%         4


Dungeon Overview and Level Annotations

Branches:
Dungeon (3/15)

Altars:
Yredelemnul


Innate Abilities, Weirdness & Mutations

You are immune to sickness and miasma.
Your stone body is resilient. (AC +3)
You are immune to poison.
You resist negative energy. (rN+)
You are resistant to electric shocks. (rElec)
You are resistant to unholy torment.
You are immune to petrification.


Message History

The human hits you.
You slash the human! You burn the human.
The human is moderately wounded.
The human hits you.
You closely miss the human.
The human is moderately wounded.
The human hits you. The human closely misses you.
You closely miss the human.
The human is moderately wounded.
The human closely misses you.
Casting: Sandblast (safe; 2% risk of failure)
Confirm with . or Enter, or press ? or * to list all spells.
You don't have enough magic to cast this spell.
Casting: Sandblast (safe; 2% risk of failure)
Confirm with . or Enter, or press ? or * to list all spells.
You don't have enough magic to cast this spell.
You slash the human! You burn the human.
The human is heavily wounded.
The human completely misses you. The human misses you.
You hit the human. You burn the human.
The human is severely wounded.
The human barely misses you.
You closely miss the human.
The human is severely wounded.
The human closely misses you. The human misses you.
You barely miss the human.
The human is severely wounded.
The human hits you but does no damage.
Casting: Sandblast (safe; 2% risk of failure)
Confirm with . or Enter, or press ? or * to list all spells.
Aiming: Stone Arrow (quite dangerous; 12% risk of failure)
Press: ? - help, Shift-Dir - straight line, f/p - human
Aim: a human (severely wounded, 56% to hit)
The stone arrow misses the human.
The human hits you!
* * * LOW HITPOINT WARNING * * *
Unknown command.
You hit the human. You burn the human.
The human is almost dead.
The human hits you!
You die...

#.....##.##.##
##....##.##..#
######....##.###.##
#...########.......
#._.# #########..#
####...###...........#
#..#####............†.
#........^............
#...#@#...###########.
#...#p#...#####. ###
#..†###.......... +..
#.........#####.. ###
####.##..## #.....#
####..# #..# #### #.†#
#...


You could see a human.

Vanquished Creatures
  5 adders
  2 worms (D:2)
  A dart slug (D:1)
  A bat (D:1)
  3 endoplasms
  3 giant cockroaches
  4 goblins
  A hobgoblin (D:2)
  2 ball pythons
  3 frilled lizards (D:1)
  A jackal skeleton (D:3)
  A jackal zombie (D:3)
  6 kobolds
  7 rats
40 creatures vanquished.

Notes
Turn   | Place    | Note
-------+----------+-------------------------------------------
     0 | D:1      | ders the Gargoyle Earth Elementalist began the quest for
                  | the Orb.
     0 | D:1      | Reached XP level 1. HP: 10/10 MP: 3/3
   311 | D:1      | Reached XP level 2. HP: 15/15 MP: 1/5
   371 | D:1      | Reached skill level 1 in Conjurations
   481 | D:1      | Reached skill level 4 in Earth Magic
   515 | D:1      | Found a faded altar of an unknown god.
  1291 | D:2      | Reached XP level 3. HP: 19/19 MP: 3/6
  1359 | D:2      | Learned a level 3 spell: Stone Arrow
  2159 | D:3      | Reached XP level 4. HP: 24/24 MP: 1/8
  2396 | D:3      | Found a runed translucent door.
  2397 | D:3      | Noticed a human
  2401 | D:3      | Found a basalt altar of Yredelemnul.
  2434 | D:3      | Slain by a human

Illustrated notes

Levels and vault maps discovered:
D:1:      sevenhm_arrival_forest_fort_small_3, layout_loops_cross,
          hellmonk_ecumenical_altar_pennies_from_heaven,
          chequers_serial_rivers_small_3
D:2:      layout_basic
D:3:      layout_basic, mainiacjoe_overflow_alcove_4, dk_yredelemnul_ordeal,
          serial_shops, nicolae_shop_advertising_works
          [nicolae_subvault_shop_adworks], shop, grunt_ministairs_7

Skill      XL: |  1  2  3 |
---------------+----------+-----
Conjurations   | 1 2 |  2.2
Earth Magic    | 4 |  4.6
Dodging        | |  1.5
Stealth        | |  2.1
Spellcasting   | |  2.9
Transmutations | |  0.7

Action                   |  1- 3 |  4- 6 || total
-------------------------+-------+-------++-------
Melee: Scimitar          |     6 |       ||     6
       War axe           |     2 |    11 ||    13
 Cast: Sandblast         |    33 |       ||    33
       Stone Arrow       |    12 |     8 ||    20
Armor: Robe              |     7 |     2 ||     9
Dodge: Dodged            |    10 |     9 ||    19

Table legend: (Time is in decaauts)
 A = Elapsed time spent in this place.
 B = Non-inter-level travel time spent in this place.
 C = Inter-level travel time spent in this place.
 D = Time resting spent in this place.
 E = Time spent auto-exploring this place.
 F = Levels seen in this place.
 G = Mean time per level.
                   A        B        C        D        E       F      G
               +--------+--------+--------+--------+--------+-----+--------+
         Total |   2446 |   2346 |    100 |    208 |   1817 |   3 |  815.3 |
       Dungeon |   2446 |   2346 |    100 |    208 |   1817 |   3 |  815.3 |
               +--------+--------+--------+--------+--------+-----+--------+

Top non-repeatable levels by time:
     D:1: 1166 daAuts
     D:2: 866 daAuts
     D:3: 413 daAuts
